 Dungeon Sprint DCSS version 0.22-a0-322-g60b3cfd402 (webtiles) character file.

38250 Callister the Peltast (level 13, 0/134 HPs)
             Began as a Deep Dwarf Fighter on Apr 5, 2018.
             Was the Champion of Makhleb.
             Killed from afar by a lich (9 damage)
             ... with a bolt of lightning
             ... in the Dungeon (Sprint IX: "|||||||||||||||||||||||||||||").
             The game lasted 00:06:43 (2264 turns).

Callister the Peltast (Deep Dwarf Fighter)          Turns: 2264, Time: 00:06:43

Health: 0/134      AC: 37    Str: 25    XL:     13   Next: 62%
Magic:  18/18      EV:  9    Int:  9    God:    Makhleb [******]
Gold:   901        SH: 20    Dex: 12    Spells: 12/12 levels left

rFire    + + +     SeeInvis +   y - +9 staff of Olgreb {rPois}
rCold    + . .     Gourm    .   c - +0 shield
rNeg     . . .     Faith    .   J - +11 gold dragon scales "Maull" {rPois rF+ rC+ MR+ SInv}
rPois    ∞         Spirit   .   L - +1 helmet
rElec    .         Reflect  +   K - +1 cloak
rCorr    .         Harm     .   p - +0 pair of gloves
MR       ++...     NoTele   +   (no boots)
Stlth    ..........             F - +5 amulet of reflection
HPRegen  0.00/turn              H - ring of protection from fire
MPRegen  0.16/turn              G - ring of protection from fire

@: non-regenerating, drained
A: damage resistance, heal wounds, sense surroundings 2, no regeneration
a: Heal Wounds, Minor Destruction, Lesser Servant of Makhleb, Major Destruction,
Greater Servant of Makhleb, Renounce Religion


You were in the Dungeon.
You worshipped Makhleb.
Makhleb was exalted by your worship.
You were not hungry.

You visited 1 branch You collected 1900 gold pieces.
You spent 999 gold pieces at shops.

Inventory:

Hand Weapons
 a - a +0 flail
 o - a +2 morningstar of protection
 y - the +9 staff of Olgreb (weapon) {rPois}
   (You found it in the Dungeon)

   It protects you from poison.
 E - the +6 lajatang of War {slice, +Fly rN+ Int+2 Dex-4, unknown}
   (You bought it in a shop in the Dungeon)

   It inflicts extra damage upon your enemies.
   It affects your intelligence (+2).
   It affects your dexterity (-4).
   It protects you from negative energy.
   It lets you fly.
 I - the +10 morningstar "Caskirua" {flame, rC+}
   (You found it in the Dungeon)

   It has been specially enchanted to burn those struck by it, causing extra
   injury to most foes and up to half again as much damage against particularly
   susceptible opponents.
   It protects you from cold.
Armour
 c - a +0 shield (worn)
 p - a +0 pair of gloves (worn)
 J - the +11 gold dragon scales "Maull" (worn) {rPois rF+ rC+ MR+ SInv}
   (You found it in the Dungeon)

   It protects you from fire.
   It protects you from cold.
   It protects you from poison.
   It affects your resistance to hostile enchantments.
   It lets you see invisible.
 K - a +1 cloak (worn)
 L - a +1 helmet (worn)
Magical Staves
 D - an uncursed staff of summoning
Jewellery
 s - a +2 ring of evasion
 t - a +3 ring of dexterity
 u - an uncursed ring of fire
 B - an uncursed amulet of inaccuracy
 F - a +5 amulet of reflection (around neck)
 G - a ring of protection from fire (right hand)
 H - a ring of protection from fire (left hand)
Wands
 n - a wand of iceblast (10)
Scrolls
 b - a scroll of fear
 k - 5 scrolls of blinking
 l - 2 scrolls of remove curse
 m - 2 scrolls of amnesia
 z - 5 scrolls of fog
 A - 2 scrolls of enchant weapon
 C - 2 scrolls of identify
Potions
 d - 2 potions of might
 e - 6 potions of curing
 g - 6 potions of heal wounds
 h - 2 potions of haste
 i - 4 potions of magic
 j - a potion of invisibility
 v - a potion of brilliance
 w - a potion of agility
 x - 2 potions of berserk rage
Comestibles
 f - 12 rations
 q - 3 chunks of flesh


   Skills:
 + Level 13.8(13.4) Fighting
 + Level 13.2(17.3) Maces & Flails
 * Level 18.1(18.8) Staves
 + Level 14.2(13.8) Armour
 + Level 8.3(7.9) Dodging
 + Level 19.0(18.5) Shields
 * Level 9.8(9.4) Evocations


You had 12 spell levels left.
You didn't know any spells.

Dungeon Overview and Level Annotations

Branches:
Dungeon (1/1)

Altars:
Cheibriados
Dithmenos
Elyvilon
Fedhas
Gozag
Hepliaklqana
Kikubaaqudgha
Makhleb
Nemelex Xobeh
Okawaru
Qazlal
Ru
Sif Muna
Trog
Uskayaw
Vehumet
Wu Jian
Xom
Yredelemnul
Zin
The Shining One
Beogh
Jiyva
Lugonu

Shops:
D *(=(


Innate Abilities, Weirdness & Mutations

You are resistant to damage.
You can heal yourself by infusing magical energy.
You passively map the area around you.
You do not regenerate.


Message History

The lich is heavily damaged.
The lich gestures at you while chanting.
The bolt of lightning hits you!
* * * LOW HITPOINT WARNING * * *
You sock the lich!
The lich is severely damaged.
The lich touches you but does no damage.
You hit the lich.
The lich is severely damaged.
The lich gestures at you while chanting.
The bolt of lightning hits you!
* * * LOW HITPOINT WARNING * * *
Your gold dragon scales "Maull" prevents you from hitting the lich.
The lich is severely damaged.
You block the lich's attack.
You hit the lich.
The lich is severely damaged.
The lich gestures at you while chanting.
The bolt of lightning hits you!
You die...

,
,▓.▓.▓.▓.▓'▓.▓.▓.▓.
+* ,*,*,
,▓.▓.▓.▓.▓=▓.▓.▓.▓.
, ,
▓.▓.▓.▓.▓.▓.▓.▓.▓.
, ,* *
▓.▓.▓.▓.▓.▓.▓.▓.▓.
*,
▓.▓p▓.▓.▓.▓.▓)▓.▓.
, ,*, * * *
▓.▓.▓.▓.▓.▓.▓)▓.▓.
* *, , , ,
▓.▓.♣†♣.▓.▓.▓)▓)▓(
,
,▓.▓.♣.♣.▓)▓.▓)▓.▓.
* , *,
▓@▓.♣†♣.▓)▓.▓)▓.▓.
,*, * *
▓L▓.♣†♣.▓)▓.▓.▓.▓.
,
▓u▓.♣.♣.▓)▓.▓.▓.▓.
, *
,▓u▓.♣.♣.▓)▓.▓)▓.▓.
, * ,*
▓c▓.♣.♣.▓)▓.▓)▓.▓†
,
▓O▓.♣.♣.▓)▓.▓.▓.▓.
*, *
,▓C▓.♣.♣.▓.▓.▓.▓.▓.
, ,
▓c▓.♣.♣.▓[▓.▓.▓.▓.
* ,
,▓.▓†▓.▓[▓.▓.▓.▓.


You could see a purple very ugly thing, a stone giant, a lich, a purple ugly
thing, an ogre mage (invisible) and 2 yaktaurs.

Vanquished Creatures
  Kirke (D)
  A fire giant (D)
  A nagaraja (D)
  Aizul (D)
  A very ugly thing (D)
  2 stone giants (D)
  An ettin (D)
  A fire dragon (D)
  A merfolk impaler (D)
  A naga warrior (D)
  A hydra (D)
  A centaur warrior (D)
  4 two-headed ogres (D)
  Erica (D)
  An anaconda (D)
  An alligator (D)
  6 ogre magi (D)
  Urug (D)
  2 shock serpents (D)
  A salamander mystic (D)
  A naga ritualist (D)
  2 orc knights (D)
  2 manticores (D)
  An ugly thing (D)
  A cyclops (D)
  An orc sorcerer (D)
  2 orb spiders (D)
  A black mamba (D)
  A salamander (D)
  2 spiny frogs (D)
  Psyche (D)
  A demonic crawler (D)
  A komodo dragon (D)
  2 rime drakes (D)
  A jumping spider (D)
  4 polar bears (D)
  A merfolk (D)
  A bog body (D)
  A hippogriff (D)
  4 snapping turtles (D)
  A blink frog (D)
  3 redbacks (D)
  2 tarantellas (D)
  A water elemental (D)
  A wyvern (D)
  2 yaks (D)
  2 hogs (D)
  A vampire mosquito (D)
  A naga (D)
  4 water moccasins (D)
  3 porcupines (D)
  2 swamp drakes (D)
  10 orc warriors (D)
  An ice beast (D)
  4 black bears (D)
  An ogre (shapeshifter) (D)
  6 ogres (D)
  3 centaurs (D)
  2 crocodiles (D)
  3 bullfrogs (D)
  2 scorpions (D)
  A jelly (D)
  An orc wizard (D)
  5 orc priests (D)
  2 hounds (D)
  A worker ant (D)
  A shadow imp (D)
  An adder skeleton (D)
  A leopard gecko (D)
  8 orcs (D)
  A giant cockroach (D)
  A hobgoblin (D)
  2 bats (D)
  A kobold (D)
142 creatures vanquished.

Vanquished Creatures (others)
  An unseen horror (D)
  A hornet (D)
  A slime creature (D)
3 creatures vanquished.

Grand Total: 145 creatures vanquished

Notes
Turn   | Place    | Note
-------+----------+-------------------------------------------
     0 | D        | Callister the Deep Dwarf Fighter began the quest for the Orb.
     0 | D        | Reached XP level 1. HP: 20/20 MP: 1/1
    25 | D        | Noticed a scorpion
    25 | D        | Noticed a jelly
    25 | D        | Noticed an ogre
    29 | D        | Killed a scorpion
    29 | D        | Reached XP level 2. HP: 27/27 MP: 2/2
    29 | D        | Reached XP level 3. HP: 33/33 MP: 3/3
    32 | D        | Reached XP level 4. HP: 40/40 MP: 4/4
    39 | D        | Killed an ogre
    39 | D        | Reached XP level 5. HP: 46/46 MP: 5/5
    45 | D        | Found a roughly hewn altar of Beogh.
    45 | D        | Found a snail-covered altar of Cheibriados.
    45 | D        | Found a shadowy altar of Dithmenos.
    45 | D        | Found a white marble altar of Elyvilon.
    45 | D        | Found a blossoming altar of Fedhas.
    45 | D        | Found an opulent altar of Gozag.
    46 | D        | Found a hazy altar of Hepliaklqana.
    47 | D        | Found a viscous altar of Jiyva.
    48 | D        | Found an ancient bone altar of Kikubaaqudgha.
    49 | D        | Found a corrupted altar of Lugonu.
    50 | D        | Found a burning altar of Makhleb.
    51 | D        | Found a sparkling altar of Nemelex Xobeh.
    52 | D        | Found an iron altar of Okawaru.
    53 | D        | Found a stormy altar of Qazlal.
    54 | D        | Found a sacrificial altar of Ru.
    55 | D        | Found a deep blue altar of Sif Muna.
    56 | D        | Found a bloodstained altar of Trog.
    57 | D        | Found a hide-covered altar of Uskayaw.
    58 | D        | Found a radiant altar of Vehumet.
    59 | D        | Found an ornate altar of the Wu Jian Council.
    60 | D        | Found a shimmering altar of Xom.
    61 | D        | Found a basalt altar of Yredelemnul.
    66 | D        | Became a worshipper of Makhleb the Destroyer
    71 | D        | Found a glowing silver altar of Zin.
    72 | D        | Found a glowing golden altar of the Shining One.
   122 | D        | Noticed an orc warrior
   122 | D        | Noticed a wyvern
   129 | D        | Killed an orc warrior
   129 | D        | Reached skill level 1 in Dodging
   129 | D        | Reached skill level 4 in Shields
   129 | D        | Reached XP level 6. HP: 37/57 MP: 6/6
   132 | D        | Reached skill level 5 in Armour
   138 | D        | Killed a wyvern
   138 | D        | Reached * piety under Makhleb
   138 | D        | Reached skill level 5 in Fighting
   138 | D        | Reached skill level 5 in Shields
   147 | D        | Reached skill level 6 in Shields
   147 | D        | Reached XP level 7. HP: 34/67 MP: 7/7
   154 | D        | Reached ** piety under Makhleb
   264 | D        | Noticed a vampire mosquito
   264 | D        | Noticed a yak
   286 | D        | Killed a vampire mosquito
   286 | D        | Reached *** piety under Makhleb
   309 | D        | Killed a yak
   309 | D        | Reached skill level 7 in Shields
   397 | D        | Found the +9 staff of Olgreb {rPois}
   423 | D        | Noticed a hippogriff
   423 | D        | Noticed a yak
   423 | D        | Noticed a komodo dragon
   430 | D        | Killed a hippogriff
   430 | D        | Reached XP level 8. HP: 68/78 MP: 8/8
   436 | D        | Noticed a black mamba
   437 | D        | Reached **** piety under Makhleb
   437 | D        | Reached skill level 5 in Dodging
   441 | D        | Reached skill level 8 in Shields
   456 | D        | HP: 3/81 [komodo dragon (21)]
   457 | D        | Killed a komodo dragon
   457 | D        | Reached skill level 9 in Shields
   469 | D        | Killed a black mamba
   469 | D        | Reached ***** piety under Makhleb
   469 | D        | Gained mutation: You passively map the area around you. [Deep Dwarf growth]
   469 | D        | Reached XP level 9. HP: 35/90 MP: 8/8
   487 | D        | Noticed a rime drake
   487 | D        | Noticed a rime drake
   491 | D        | Killed a rime drake
   501 | D        | Reached skill level 10 in Shields
   513 | D        | Killed a rime drake
   538 | D        | Reached ****** piety under Makhleb
   559 | D        | Noticed a polar bear
   559 | D        | Noticed a polar bear
   562 | D        | Noticed a polar bear
   567 | D        | Noticed a polar bear
   571 | D        | Killed a polar bear
   580 | D        | Killed a polar bear
   580 | D        | Reached XP level 10. HP: 58/99 MP: 9/9
   590 | D        | Reached skill level 10 in Staves
   604 | D        | Reached skill level 11 in Shields
   676 | D        | Noticed Urug
   701 | D        | Killed Urug
   702 | D        | Noticed Psyche
   710 | D        | Killed Psyche
   725 | D        | Noticed Erica
   741 | D        | Killed Erica
   772 | D        | Noticed an orc knight
   775 | D        | Noticed a stone giant
   797 | D        | Killed a stone giant
   797 | D        | Reached skill level 10 in Fighting
   800 | D        | Reached skill level 12 in Shields
   823 | D        | Killed an orc knight
   823 | D        | Reached skill level 10 in Armour
   823 | D        | Reached XP level 11. HP: 48/109 MP: 10/10
   882 | D        | Noticed an orc sorcerer
   882 | D        | Noticed an orc knight
   895 | D        | Killed an orc sorcerer
   910 | D        | Killed an orc knight
  1018 | D        | Found Sirgh's Assorted Antiques.
  1018 | D        | Noticed a two-headed ogre
  1018 | D        | Noticed an ogre mage
  1018 | D        | Noticed an ogre mage
  1019 | D        | Noticed a two-headed ogre
  1028 | D        | Killed a two-headed ogre
  1037 | D        | Killed an ogre mage
  1044 | D        | Killed an ogre mage
  1052 | D        | Reached skill level 13 in Shields
  1060 | D        | Killed a two-headed ogre
  1069 | D        | Found Ciextaw's Antique Weapon Shoppe.
  1073 | D        | Found Uten's Jewellery Emporium.
  1077 | D        | Found Tobrauro's Weapon Shoppe.
  1077 | D        | Noticed a two-headed ogre
  1079 | D        | Noticed an ogre mage
  1080 | D        | Noticed an ogre mage
  1086 | D        | Noticed an ogre mage
  1090 | D        | Killed a two-headed ogre
  1096 | D        | Killed an ogre mage
  1106 | D        | Killed an ogre mage
  1106 | D        | Reached skill level 15 in Staves
  1111 | D        | Killed an ogre mage
  1157 | D        | Bought a square platinum amulet for 90 gold pieces
  1157 | D        | Bought a scroll of blinking for 135 gold pieces
  1157 | D        | Bought a scroll labeled OFEISE ILOA for 18 gold pieces
  1157 | D        | Bought a potion of heal wounds for 90 gold pieces
  1157 | D        | Bought a knobbly smoking staff for 216 gold pieces
  1157 | D        | Bought an ichor-stained lajatang for 360 gold pieces
  1169 | D        | Bought a runed copper amulet for 90 gold pieces
  1279 | D        | Got the +10 morningstar "Caskirua" {flame, rC+}
  1294 | D        | Got the +11 gold dragon scales "Maull" {rPois rF+ rC+ MR+ SInv}
  1369 | D        | Noticed a red ugly thing
  1369 | D        | Noticed a two-headed ogre
  1369 | D        | Noticed an unseen horror
  1376 | D        | Reached XP level 12. HP: 110/120 MP: 10/10
  1388 | D        | Noticed a fire dragon
  1391 | D        | Noticed a centaur warrior
  1396 | D        | Killed a two-headed ogre
  1396 | D        | Reached skill level 14 in Shields
  1401 | D        | Noticed a cyan very ugly thing
  1403 | D        | Noticed a fire giant
  1404 | D        | Noticed an ogre mage
  1409 | D        | Noticed an ettin
  1426 | D        | Killed a cyan very ugly thing
  1449 | D        | Killed a fire dragon
  1466 | D        | Killed a fire giant
  1466 | D        | Reached skill level 15 in Shields
  1472 | D        | Killed a centaur warrior
  1481 | D        | Killed an ogre mage
  1496 | D        | Killed an ettin
  1591 | D        | Noticed Aizul
  1645 | D        | Killed Aizul
  1727 | D        | Noticed an alligator
  1732 | D        | Reached skill level 16 in Shields
  1733 | D        | Noticed an eight-headed hydra
  1742 | D        | Killed an alligator
  1742 | D        | Reached skill level 1 in Evocations
  1751 | D        | Killed an eight-headed hydra
  1822 | D        | Reached XP level 13. HP: 133/133 MP: 14/14
  1835 | D        | Reached skill level 5 in Evocations
  1841 | D        | Reached skill level 17 in Shields
  1851 | D        | Noticed a nagaraja
  1865 | D        | Killed a nagaraja
  1939 | D        | Reached skill level 18 in Shields
  1968 | D        | Noticed a merfolk impaler
  2058 | D        | Killed a merfolk impaler
  2146 | D        | Noticed Kirke
  2174 | D        | Killed Kirke
  2228 | D        | Noticed a stone giant
  2228 | D        | Noticed a lich
  2228 | D        | Noticed a cyan very ugly thing
  2229 | D        | Noticed a stone giant
  2239 | D        | Killed a stone giant
  2239 | D        | Reached skill level 19 in Shields
  2264 | D        | Killed from afar by a lich

Vault maps used:
D:        linesprint

Skill      XL: |  1  2  3  4  5  6  7  8  9 10 11 12 13 |
---------------+----------------------------------------+-----
Maces & Flails | 7 8 11 12 13 | 13.2
Fighting       | 3 5 6 8 9 10 11 13 | 13.8
Armour         | 4 6 7 8 10 12 13 14 | 14.2
Dodging        | 1 3 4 6 7 8 |  8.3
Shields        | 4 6 7 9 10 12 13 16 19 | 19.0
Staves         | 2 6 9 12 15 17 18 | 18.1
Evocations     | 4 9 |  9.8

Action                   |  1- 3 |  4- 6 |  7- 9 | 10-12 | 13-15 || total
-------------------------+-------+-------+-------+-------+-------++-------
Melee: Flail             |    21 |     6 |       |       |       ||    27
       Morningstar       |       |    24 |    51 |       |       ||    75
       Staff             |       |       |   132 |   577 |   293 ||  1002
 Abil: Heal Wounds       |       |       |     3 |     3 |       ||     6
  Use: Potion            |     1 |       |       |       |       ||     1
       Scroll            |       |       |       |     1 |       ||     1
 Stab: Confused          |       |       |       |     4 |       ||     4
  Eat: Chunk             |       |       |       |     4 |     2 ||     6
Armor: Scale mail        |    11 |     1 |       |       |       ||    12
       Chain mail        |       |     9 |    48 |    41 |       ||    98
       Gold dragon scale |       |       |       |   100 |    78 ||   178
Dodge: Dodged            |    10 |     4 |    52 |    98 |    43 ||   207
Block: Shield            |     9 |    11 |    78 |   242 |   158 ||   498
       Reflection        |       |       |       |     3 |     4 ||     7

Table legend:
 A = Spawn XP
 B = Non-spawn XP
 C = Spawn XP percentage of total XP
 D = Spawn monster count
 E = Non-spawn monster count
 F = Spawn count percentage of total count
 G = Total turns spent on level
                    A         B        C        D         E        F      G
               +---------+---------+-------+---------+---------+-------+---------
         Total |       0 |   54644 |   0.0 |       0 |     144 |   0.0 |  2264
               +---------+---------+-------+---------+---------+-------+---------
             D |       0 |   54644 |   0.0 |       0 |     144 |   0.0 |  2264
               +---------+---------+-------+---------+---------+-------+---------
